 Dungeon Crawl Stone Soup version 0.28.0-45-g0d030f2227 (webtiles) character file.

Game seed: 9723421337586675615

261 Zeld the Conjurer (level 5, -3/41 HPs)
             Began as a Draconian Conjurer on Apr 8, 2022.
             Slain by Pikel
             ... wielding a +0 whip of flaming
              (7 damage)
             ... on level 3 of the Dungeon.
             The game lasted 00:05:52 (5056 turns).

Zeld the Conjurer (Draconian Conjurer)              Turns: 5056, Time: 00:05:52

Health: -3/41      AC:  6    Str:  9    XL:     5   Next: 96%
Magic:  1/10       EV: 12    Int: 21    God:
Gold:   245        SH:  0    Dex:  9    Spells: 3/10 levels left

rFire   . . .      SeeInvis .   (no weapon)
rCold   . . .      Faith    .   (no shield)
rNeg    . . .      Spirit   .   (armour unavailable)
rPois   .          Reflect  .   (helmet restricted)
rElec   .          Harm     .   m - +0 cloak
rCorr   .          Rampage  .   (no gloves)
Will    .....                   (no boots)
Stlth   ++........              (no amulet)
HPRegen 0.13/turn               (no ring)
MPRegen 0.12/turn               (no ring)

@: very slightly contaminated
A: AC +5, unfitting armour, cold-blooded
a: no special abilities


You were on level 3 of the Dungeon.
You visited 1 branch of the dungeon, and saw 4 of its levels.

You collected 245 gold pieces.

Inventory:

Armour
 m - a +0 cloak (worn)
Jewellery
 e - a ring of flight
Scrolls
 a - 2 scrolls of fog {unknown}
 b - a scroll of teleportation {unknown}
 c - a scroll of vulnerability {unknown}
 d - a scroll of immolation {unknown}
 f - a scroll of torment {unknown}
 l - a scroll of fear {unknown}
 n - 4 scrolls of identify {unknown}
Potions
 g - a potion of magic {unknown}
 h - a potion of attraction {unknown}
 i - a potion of brilliance {unknown}
 j - a potion of flight {unknown}
 k - a potion of curing {unknown}


   Skills:
 + Level 1.8 Fighting
 - Level 2.0 Dodging
 - Level 2.0 Stealth
 + Level 3.4 Spellcasting
 * Level 6.0 Conjurations


You had 3 spell levels left.
You knew the following spells:

 Your Spells              Type           Power      Damage    Failure   Level
a - Magic Dart            Conj           100%       1d8       1%          1
b - Searing Ray           Conj           58%        2d6       1%          2
c - Fulminant Prism       Conj/Hex       8%         3d7       36%         4

Your spell library contained the following spells:

 Spells                   Type           Power      Damage    Failure   Level
 Dazzling Flash           Conj/Hex       32%        N/A       11%         3
 Iskenderun's Mystic Bla  Conj/Tloc      16%        2d5       36%         4
 Summon Lightning Spire   Summ/Air       3%         N/A       77%         4
 Storm Form               Tmut/Air       1%         N/A       100%        7
 Maxwell's Capacitive Co  Air            1%         ∞         100%        8


Dungeon Overview and Level Annotations

Branches:
Dungeon (4/15)
 Temple: D:4-7

Altars:
Makhleb

Annotations:
D:3 Pikel


Innate Abilities, Weirdness & Mutations

Your plain brown scales are hard. (AC +5)
You cannot fit into any form of body armour.
You are cold-blooded and may be slowed by cold attacks.


Message History

The searing ray hits Pikel.
Pikel is severely wounded.
Pikel barely misses you.
Unknown command.
Pikel is nearby!
There is a stone staircase leading down here.
Pikel waves his whip at you.
Pikel says, "You'll burn in Gehenna!"
There is a stone staircase leading down here.
Things that are here:
a +0 leather armour; a +1 mace of protection
Casting: Searing Ray (safe; 1% risk of failure)
Confirm with . or Enter, or press ? or * to list all spells.
Aiming: Searing Ray (safe; 1% risk of failure)
Press: ? - help, Shift-Dir - straight line, f/p - Pikel
Aim: Pikel, wielding a +0 whip of flaming and wearing a +0 robe (severely wounded, 74% to hit)
The searing ray misses Pikel. (Press . to maintain the ray.) Pikel closely misses you.
The searing ray hits Pikel.
Pikel is severely wounded.
Pikel hits you with a +0 whip of flaming.
Pikel burns you.
There is a stone staircase leading up here.
Things that are here:
a +0 leather armour; a +1 mace of protection
Casting: Searing Ray (safe; 1% risk of failure)
Confirm with . or Enter, or press ? or * to list all spells.
Aiming: Searing Ray (safe; 1% risk of failure)
Press: ? - help, Shift-Dir - straight line, f/p - Pikel
Aim: Pikel, wielding a +0 whip of flaming and wearing a +0 robe (severely wounded, 74% to hit)
You miscast Searing Ray.
You are very lightly contaminated with residual magic.
Nothing appears to happen.
Pikel hits you with a +0 whip of flaming!
* * * LOW HITPOINT WARNING * * *
Pikel burns you.
* * * LOW HITPOINT WARNING * * *
Pikel hits you with a +0 whip of flaming!
You die...

#)))# #.......## ##.....#
))).# #.##.....# #.....#
#)))# #..#..##.# #..##.#
##### ##...###.#####..##.##
###...##.##.......>.#
#...........##.##.#.#
##########<####...........#
...........#####.....#....#
...............K@.........#
.....>..#.##########.######
..####....# #.# ..........#
### ######....# #....#
######


You could see Pikel.

Vanquished Creatures
  An ogre (D:3)
  4 lemures
  Crazy Yiuf (D:3)
  An iguana (D:4)
  2 gnolls (D:2)
  2 adders (D:3)
  2 adder skeletons (D:4)
  A dart slug (D:3)
  4 orcs
  10 ball pythons
  4 bats
  5 endoplasms
  7 giant cockroaches
  2 goblins
  6 hobgoblins
  3 jackals (D:1)
  5 kobolds
  6 quokkas
  2 frilled lizards (D:1)
  6 rats
74 creatures vanquished.

Vanquished Creatures (others)
  20 plants (D:2)
20 creatures vanquished.

Grand Total: 94 creatures vanquished

Notes
Turn   | Place    | Note
-------+----------+-------------------------------------------
     0 | D:1      | Zeld the Draconian Conjurer began the quest for the Orb.
     0 | D:1      | Reached XP level 1. HP: 14/14 MP: 3/3
   482 | D:1      | Reached XP level 2. HP: 20/20 MP: 3/5
   788 | D:1      | Learned a level 2 spell: Searing Ray
  1094 | D:1      | Found a faded altar of an unknown god.
  1348 | D:1      | Reached XP level 3. HP: 26/26 MP: 3/6
  1959 | D:2      | Reached skill level 5 in Conjurations
  2194 | D:2      | Reached XP level 4. HP: 33/33 MP: 4/8
  2438 | D:2      | Identified the +1 ring mail "Xuukhle" {+Inv rC+ rN+ rCorr}
  2568 | D:2      | Found a burning altar of Makhleb.
  2860 | D:2      | Learned a level 4 spell: Fulminant Prism
  3298 | D:3      | Found a runed translucent door.
  3299 | D:3      | Noticed Crazy Yiuf
  3306 | D:3      | Killed Crazy Yiuf
  3428 | D:3      | Noticed an ogre
  3442 | D:3      | Killed an ogre
  3443 | D:3      | Reached skill level 1 in Fighting
  3443 | D:3      | Reached XP level 5. HP: 20/40 MP: 2/9
  4064 | D:4      | Noticed a lemure
  4064 | D:4      | Noticed a lemure
  4082 | D:4      | Killed a lemure
  4090 | D:4      | Noticed Pikel
  4104 | D:4      | Noticed a lemure
  4104 | D:4      | Noticed a lemure
  4178 | D:4      | Killed a lemure
  4205 | D:3      | Killed a lemure
  4463 | D:4      | Reached skill level 6 in Conjurations
  4778 | D:4      | Killed a lemure
  5056 | D:3      | Slain by Pikel

Illustrated notes

Levels and vault maps discovered:
D:1:      dpeg_arrival_simpleton_c, layout_basic,
          chequers_ecumenical_altar_island, minmay_tetromino_s4
D:2:      wad_woods_stonehenge, layout_basic
D:3:      layout_rooms, uniq_crazy_yiuf_cottage
D:4:      layout_gridville, gammafunk_temple_overflow_elements,
          lightli_corner_chamber, uniq_pikel

Skill      XL: |  1  2  3  4  5 |
---------------+----------------+-----
Stealth        | 2 |  2.0
Conjurations   | 5 6 |  6.0
Dodging        | 2 |  2.0
Spellcasting   | 3 |  3.4
Fighting       | 1 |  1.8

Action                   |  1- 3 |  4- 6 || total
-------------------------+-------+-------++-------
Melee: Unarmed           |    17 |     2 ||    19
       Tailslap          |     1 |       ||     1
 Cast: Magic Dart        |    80 |    44 ||   124
       Searing Ray       |     1 |    17 ||    18
Armor: Skin              |    21 |     7 ||    28
Dodge: Dodged            |    50 |    20 ||    70
